 Dungeon Crawl Stone Soup version 0.29-a0-925-g0a7a3d12f8 (webtiles) character file.

Game seed: 12396034151478255544

36 Kazon the Chopper (level 3, 0/27 HPs)
             Began as a Demonspawn Gladiator on July 29, 2022.
             Slain by an adder (2 damage)
             ... on level 1 of the Dungeon.
             The game lasted 00:04:09 (1330 turns).

Kazon the Chopper (Demonspawn Gladiator)            Turns: 1330, Time: 00:04:10

Health: 0/27       AC:  7    Str: 16    XL:     3   Next: 19%
Magic:  3/3        EV: 10    Int:  9    God:
Gold:   106        SH:  0    Dex: 14    Spells: 2/2 levels left

rFire   . . .      SeeInvis .   a - +0 war axe
rCold   . . .      Faith    .   (no shield)
rNeg    . . .      Spirit   .   g - +0 scale mail
rPois   .          Reflect  .   c - +0 helmet
rElec   .          Harm     .   (no cloak)
rCorr   .          Rampage  .   (no gloves)
Will    .....                   (no boots)
Stlth   ..........              (no amulet)
HPRegen 0.09/turn               (no ring)
MPRegen 0.08/turn               (no ring)

@: brilliant
A: foul stench 1
a: no special abilities


You were on level 1 of the Dungeon.
You visited 1 branch of the dungeon, and saw 2 of its levels.

You collected 106 gold pieces.

Inventory:

Hand Weapons
 a - a +0 war axe (weapon)
Missiles
 d - 3 throwing nets
 e - a javelin
 h - a stone (quivered)
Armour
 c - a +0 helmet (worn)
 g - a +0 scale mail (worn)
Scrolls
 b - a scroll of blinking {unknown}
 f - a scroll of fog {unknown}
 i - a scroll of teleportation {unknown}
 l - a scroll of amnesia {unknown}
Potions
 j - a potion of resistance {unknown}
 k - a potion of brilliance
 m - a potion of might {unknown}
 n - a potion of heal wounds {unknown}


   Skills:
 + Level 2.1 Fighting
 + Level 3.2 Axes
 + Level 1.9 Throwing
 + Level 1.1 Armour
 + Level 2.9 Dodging
 + Level 0.1 Stealth


You had 2 spell levels left.
You didn't know any spells.
Your spell library was empty.

Dungeon Overview and Level Annotations

Branches:
Dungeon (2/15)

Altars:


Innate Abilities, Weirdness & Mutations

You may rarely emit foul miasma when damaged in melee.


Message History

The adder is almost dead.
You hit the endoplasm. You hit the endoplasm but do no damage.
The adder bites you but does no damage. The endoplasm freezes you.
You are frozen.
The endoplasm freezes you.
You are frozen.
The adder barely misses you.
You closely miss the adder.
The adder is almost dead.
You hit the endoplasm.
You kill the endoplasm!
You barely miss the endoplasm. The endoplasm freezes you.
You are frozen.
The adder misses you. The goblin closely misses you. The adder bites you.
You are poisoned.
The adder poisons you!
The endoplasm hits you but does no damage.
You feel sick.
You feel sick. The adder closely misses you.
The adder attacks as you move away! The adder bites you but does no damage.
The endoplasm attacks as you move away! The endoplasm barely misses you.
You feel sick. The adder closely misses you.
You feel sick.
You feel sick. The endoplasm attacks as you move away!
The endoplasm barely misses you.
You feel sick. The adder bites you but does no damage.
There is a stone staircase leading up here.
You feel sick.
You are no longer poisoned.
The adder bites you.
* * * LOW HITPOINT WARNING * * *
The endoplasm hits you.
* * * LOW HITPOINT WARNING * * *
You climb upwards.
There is a stone staircase leading down here.
It was a potion of brilliance.
You feel clever all of a sudden. The adder bites you.
You die...

#...#.......#
#.#.#.#####.# #.###.#
#.# #.#...# #.#
#.#.### #.#
#.#.#######.########
#.#...............[.
#.#S#######.########
#.#@J...............
#.#########.########
#[# #.# #.# #.#
######.#### #.#
#....#....# ###'####
#.##.####.####......#
##.##.# #.#..'......#
#.....####.#.##......#


You could see an adder and an endoplasm.

Vanquished Creatures
  A dart slug (D:2)
  5 endoplasms
  3 goblins (D:1)
  2 hobgoblins (D:1)
  3 jackals (D:1)
  A kobold (D:2)
  3 quokkas (D:1)
  3 ball pythons (D:1)
  7 bats (D:1)
  3 frilled lizards (D:1)
31 creatures vanquished.

Notes
Turn   | Place    | Note
-------+----------+-------------------------------------------
     0 | D:1      | Kazon the Demonspawn Gladiator began the quest for the Orb.
     0 | D:1      | Reached XP level 1. HP: 16/16 MP: 1/1
   325 | D:1      | Gained mutation: You may rarely emit foul miasma when
                  | damaged in melee. [demonic ancestry]
   325 | D:1      | Reached XP level 2. HP: 17/22 MP: 2/2
   403 | D:1      | Reached skill level 1 in Armour
   555 | D:1      | Reached skill level 3 in Axes
   867 | D:1      | Reached XP level 3. HP: 26/27 MP: 3/3
  1330 | D:1      | Slain by an adder

Illustrated notes

Levels and vault maps discovered:
D:1:      lemuel_arrival_hallway, layout_basic
D:2:      kennysheep_the_goblin_king, layout_rooms, basic_altar,
          chequers_serial_rivers_micro_e, nrook_mini_vaults, minmay_cut_off,
          uniq_natasha

Skill      XL: |  1  2 |
---------------+-------+-----
Armour         | 1 |  1.1
Axes           | 3 |  3.2
Fighting       | |  2.1
Throwing       | |  1.9
Dodging        | |  2.9
Stealth        | |  0.1

Action                   || total
-------------------------++-------
Melee: War axe           ||    94
Throw: Stone             ||     2
  Use: Potion            ||     1
Armor: Scale mail        ||    54
       Leather armour    ||     3
Dodge: Dodged            ||    76

Table legend: (Time is in decaauts)
 A = Elapsed time spent in this place.
 B = Non-inter-level travel time spent in this place.
 C = Inter-level travel time spent in this place.
 D = Time resting spent in this place.
 E = Time spent auto-exploring this place.
 F = Levels seen in this place.
 G = Mean time per level.
                   A        B        C        D        E       F      G
               +--------+--------+--------+--------+--------+-----+--------+
         Total |   1363 |   1326 |     37 |      0 |    775 |   2 |  681.5 |
       Dungeon |   1363 |   1326 |     37 |      0 |    775 |   2 |  681.5 |
               +--------+--------+--------+--------+--------+-----+--------+

Top non-repeatable levels by time:
     D:1: 1318 daAuts
     D:2: 44 daAuts
